 Dungeon Crawl Stone Soup version 0.29.1-14-g9c671dbff4 (webtiles) character file.

Game seed: 13809016675047398411

285 Heoruswealwe the Caller (level 6, -5/33 HPs)
             Began as a Deep Elf Summoner on Feb 13, 2023.
             Killed from afar by an electric eel (9 damage)
             ... with a bolt of electricity
             ... on level 3 of the Dungeon.
             The game lasted 01:11:10 (4932 turns).

Heoruswealwe the Caller (Deep Elf Summoner)         Turns: 4932, Time: 01:11:13

Health: -5/33      AC:  4    Str:  5    XL:     6   Next: 7%
Magic:  6/13       EV: 13    Int: 28    God:
Gold:   14         SH:  0    Dex: 15    Spells: 2/12 levels left

rFire   . . .      SeeInvis .   H - +0 falchion (freeze)
rCold   . . .      Faith    .   (no shield)
rNeg    . . .      Spirit   .   g - +0 robe
rPois   .          Reflect  .   (no helmet)
rElec   .          Harm     .   (no cloak)
rCorr   .          Rampage  .   e - +1 pair of gloves
Will    .....                   (no boots)
Stlth   ++........              (no amulet)
HPRegen 0.11/turn               I - +6 ring of intelligence
MPRegen 0.13/turn               (no ring)

@: no status effects
A: no striking features
a: no special abilities


You were on level 3 of the Dungeon.
You visited 1 branch of the dungeon, and saw 3 of its levels.

You collected 213 gold pieces.
You spent 199 gold pieces at shops.

Inventory:

Hand Weapons
 H - a +0 falchion of freezing (weapon)
Armour
 a - a +0 chain mail
 e - a +1 pair of gloves (worn)
 g - a +0 robe (worn)
Jewellery
 I - a +6 ring of intelligence (left hand)
Wands
 h - a wand of flame (22)
Scrolls
 d - 2 scrolls of magic mapping
 f - a scroll of summoning
 j - a scroll of poison
 n - a scroll of enchant armour
 q - 2 scrolls of teleportation
 w - a scroll of immolation
 z - 4 scrolls of identify
Potions
 b - a potion of magic
 c - a potion of heal wounds {unknown}
 k - a potion of degeneration {unknown}
 l - 2 potions of might
 v - a potion of lignification {unknown}


   Skills:
 + Level 0.6 Fighting
 + Level 0.7 Long Blades
 + Level 2.7 Dodging
 + Level 3.0 Stealth
 * Level 3.9 Spellcasting
 + Level 1.3 Conjurations
 + Level 1.1 Hexes
 * Level 4.9 Summonings
 + Level 1.3 Necromancy
 + Level 1.1 Translocations
 + Level 0.9 Transmutations
 + Level 1.3 Fire Magic
 + Level 0.9 Ice Magic
 + Level 1.2 Air Magic
 + Level 1.2 Earth Magic
 + Level 0.9 Poison Magic
 + Level 1.1 Invocations
 + Level 0.9 Evocations


You had 2 spell levels left.
You knew the following spells:

 Your Spells              Type           Power      Damage    Failure   Level
a - Summon Small Mammal   Summ           100%       N/A       1%          1
b - Call Imp              Summ           33%        N/A       1%          2
c - Call Canine Familiar  Summ           33%        N/A       3%          3
d - Summon Lightning Spi  Summ/Air       22%        N/A       22%         4

Your spell library contained the following spells:

 Spells                   Type           Power      Damage    Failure   Level
 Ensorcelled Hibernation  Hex/Ice        22%        N/A       8%          2
 Passwall                 Tmut/Erth      9%         N/A       8%          2
 Summon Guardian Golem    Hex/Summ       22%        N/A       6%          3
 Swiftness                Air            12%        N/A       14%         3


Dungeon Overview and Level Annotations

Branches:
Dungeon (3/15)

Altars:
Elyvilon
Uskayaw

Shops:
D:3 *((!?

Annotations:
D:3 1 transporter


Message History

The electric eel shoots out a bolt of lightning at you!
The bolt of electricity hits your quokka!
Your quokka dies!
Your quokka's corpse disappears in a puff of smoke!
The bolt of electricity hits you!
Your hound cocks its head sideways at you.
The electric eel shoots out a bolt of lightning at you!
The bolt of electricity hits your hound!
Your hound dies!
Your hound's corpse disappears in a puff of smoke!
The bolt of electricity hits you!
* * * LOW HITPOINT WARNING * * *
Magic restored.
Your quokka disappears in a puff of smoke!
HP restored.
The electric eel shoots out a bolt of lightning at you!
The bolt of electricity hits you! x2
You start resting.
HP restored.
This spell is extremely dangerous to cast!
Memorise Summon Lightning Spire, consuming 4 spell levels and leaving 2?
You start memorising the spell.
You continue memorising. x4
You finish memorising.
Spell assigned to 'd'.
Casting: Summon Small Mammal (safe; 1% risk of failure)
Confirm with . or Enter, or press ? or * to list all spells.
The spell is extremely dangerous to miscast (22% risk of failure)!
Continue anyway?
Uppercase [Y]es or [N]o only, please.
The spell is extremely dangerous to miscast (22% risk of failure)!
Continue anyway?
An electric hum fills the air.
The electric eel shoots out a bolt of lightning at you!
The bolt of electricity misses you. The bolt of electricity hits you!
The electric eel shoots out a bolt of lightning at you!
The bolt of electricity hits you!
Casting: Summon Lightning Spire (extremely dangerous; 22% risk of failure)
Confirm with . or Enter, or press ? or * to list all spells.
The electric eel shoots out a bolt of lightning at you!
The bolt of electricity hits you!
* * * LOW HITPOINT WARNING * * *
The bolt of electricity hits you!
You die...

#.# #.##.###.......#..
##.###.##.###.......#..
##...##.##......._......
#†###.#.######......†#..
#.###....#####....†..#..
#.#....©....##......†#..
#...#######.#####.####..
#####.#.#8.8.8#.....#...##..
#.....#.#~.@.h#.##..##..##..
#..##.#.###'###.##..........
###..##.#.#S...~#......>..####
#....##.#.#S...~#.###.....# #
#...∩.....#SP~~~#.........# #
####....#.#~~♣~~#.##....#.# #
#..###.#~~~~~#.##.#.##.# #
#..# #.#~PP~~#.##.####.####
#..# #.#~P~~~#.............


You could see 3 electric eels, a friendly lightning spire (summoned) and a
friendly hound (summoned).

Vanquished Creatures
  An orc priest (D:3)
  An adder (D:3)
  2 orcs (D:3)
  A hobgoblin (D:3)
  2 rats (D:3)
7 creatures vanquished.

Vanquished Creatures (collateral kills)
  Natasha (thrice) (D:2)
  An iguana (D:3)
  An orc wizard (D:3)
  4 adders
  2 worms
  2 dart slugs
  6 orcs (D:3)
  7 ball pythons
  5 endoplasms
  4 goblins
  4 hobgoblins
  2 jackals (D:1)
  6 kobolds
  4 quokkas
  6 bats
  6 frilled lizards
  6 rats
69 creatures vanquished.

Vanquished Creatures (others)
  2 plants (D:3)
2 creatures vanquished.

Grand Total: 78 creatures vanquished

Notes
Turn   | Place    | Note
-------+----------+-------------------------------------------
     0 | D:1      | Heoruswealwe the Deep Elf Summoner began the quest for the
                  | Orb.
     0 | D:1      | Reached XP level 1. HP: 10/10 MP: 6/6
   291 | D:1      | Reached XP level 2. HP: 13/15 MP: 6/8
   295 | D:1      | Learned a level 2 spell: Call Imp
   451 | D:1      | Found a faded altar of an unknown god.
   553 | D:1      | Prayed at the altar of an unknown god.
   553 | D:1      | Became a worshipper of Elyvilon the Healer
   553 | D:1      | Reached * piety under Elyvilon
   554 | D:1      | Fell from the grace of Elyvilon
  1202 | D:2      | Reached XP level 3. HP: 13/19 MP: 5/9
  1296 | D:1      | Learned a level 3 spell: Call Canine Familiar
  1860 | D:2      | Noticed Natasha
  1877 | D:2      | Killed Natasha
  1878 | D:2      | Reached skill level 1 in Conjurations
  1878 | D:2      | Reached skill level 1 in Necromancy
  1878 | D:2      | Reached XP level 4. HP: 23/24 MP: 8/11
  2535 | D:2      | Noticed Natasha
  2557 | D:2      | Killed Natasha
  2558 | D:2      | Reached skill level 1 in Earth Magic
  2566 | D:2      | Noticed Natasha
  2583 | D:2      | Killed Natasha
  2584 | D:2      | Reached XP level 5. HP: 13/28 MP: 9/12
  2593 | D:2      | Learned a level 4 spell: Summon Lightning Spire
  2796 | D:3      | Reached skill level 1 in Fire Magic
  2798 | D:3      | Found Kezon's Magic Scroll Emporium.
  2859 | D:3      | Reached skill level 1 in Invocations
  2913 | D:3      | Found a hide-covered altar of Uskayaw.
  3006 | D:3      | Found a transporter.
  3006 | D:3      | Found a transporter.
  3100 | D:3      | Reached skill level 1 in Hexes
  3100 | D:3      | Reached skill level 1 in Translocations
  3100 | D:3      | Reached skill level 1 in Air Magic
  3126 | D:3      | Found Awnuidan's Weapon Shop.
  3183 | D:3      | Found Roynymou's Antique Weapon Boutique.
  3230 | D:3      | Found Ruek's Distillery.
  3365 | D:3      | Found Axubip's General Store.
  3385 | D:3      | Reached XP level 6. HP: 33/33 MP: 7/13
  3543 | D:3      | Bought a scroll of identify for 24 gold pieces
  3822 | D:3      | Bought a scroll of identify for 26 gold pieces
  3822 | D:3      | Bought a scroll of identify for 26 gold pieces
  3822 | D:3      | Bought a scroll of magic mapping for 97 gold pieces
  3822 | D:3      | Bought a scroll of identify for 26 gold pieces
  4926 | D:3      | Learned a level 4 spell: Summon Lightning Spire
  4932 | D:3      | Killed from afar by an electric eel

Illustrated notes

Levels and vault maps discovered:
D:1:      ncdulo_smallfort, layout_loops_ring, chequers_ecumenical_altar_island,
          st_stairs_9
D:2:      layout_basic, kennysheep_path_1, grunt_decor_mini_mirrors,
          minmay_pentomino_z4, uniq_natasha
D:3:      gammafunk_steamed_eel, layout_loops_ring,
          nicolae_uskayaw_murder_on_the_dancefloor, serial_shops, shop,
          shop_statue, nicolae_square_shop, nicolae_square_shop,
          nicolae_shop_trees, minmay_fountain_box

Skill      XL: |  1  2  3  4  5 |
---------------+----------------+-----
Conjurations   | 1 |  1.3
Necromancy     | 1 |  1.3
Earth Magic    | 1 |  1.2
Fire Magic     | 1 |  1.3
Invocations    | 1 |  1.1
Hexes          | 1 |  1.1
Translocations | 1 |  1.1
Air Magic      | 1 |  1.2
Stealth        | 3 |  3.0
Fighting       | |  0.6
Long Blades    | |  0.7
Dodging        | |  2.7
Spellcasting   | |  3.9
Summonings     | |  4.9
Transmutations | |  0.9
Ice Magic      | |  0.9
Poison Magic   | |  0.9
Evocations     | |  0.9

Action                   |  1- 3 |  4- 6 || total
-------------------------+-------+-------++-------
Melee: Falchion          |       |    31 ||    31
 Cast: Summon Small Mamm |    27 |    13 ||    40
       Call Imp          |    10 |       ||    10
       Call Canine Famil |     4 |    20 ||    24
       Summon Lightning  |       |     1 ||     1
Invok: Renounce Religion |     1 |       ||     1
  Use: Scroll            |       |    11 ||    11
 Stab: Distracted        |       |     1 ||     1
Armor: Robe              |    20 |    13 ||    33
Dodge: Dodged            |    43 |    32 ||    75
